 Dungeon Crawl Stone Soup version 0.31-a0-319-g4fced400ed (webtiles) character file.

Game seed: 8368477889358159519

165 Midn8 the Cutter (level 5, -1/41 HPs)
             Began as a Draconian Shapeshifter on July 17, 2023.
             Was a Believer of Dithmenos.
             Slain by Pikel
             ... wielding a +2 whip of flaming
              (2 damage)
             ... on level 4 of the Dungeon.
             The game lasted 00:08:39 (3153 turns).

Midn8 the Cutter (Draconian Shapeshifter)           Turns: 3153, Time: 00:08:39

Health: -1/41      AC:  5    Str: 24    XL:     5   Next: 22%
Magic:  5/5        EV: 12    Int: 10    God:    Dithmenos [**....]
Gold:   122        SH:  0    Dex: 11    Spells: 4/4 levels left

rFire   . . .        a - +2 dagger (venom)
rCold   . . .        (no shield)
rNeg    . . .        (body armour unavailable)
rPois   .            (helmet currently unavailable)
rElec   .            (cloak currently unavailable)
rCorr   .            (gloves currently unavailable)
SInv    .            (boots currently unavailable)
Will    .....        (no amulet)
Stlth   +            c - +6 ring of strength
HPRegen 0.26/turn    (no ring)
MPRegen 0.09/turn

%: no passive effects
@: beast-form, wreathed by umbra
A: beast (slay +2), AC +5, unfitting armour, cold-blooded
a: Begin Untransformation, Renounce Religion, Shadow Step


You were on level 4 of the Dungeon.
You worshipped Dithmenos.
Dithmenos was pleased with you.
You were a hulking beast.
You visited 1 branch of the dungeon, and saw 4 of its levels.

You collected 122 gold pieces.

Inventory:

Hand Weapons
 a - a +2 dagger of venom (weapon)
 t - a +0 sling
Missiles
 o - 2 poisoned darts (quivered)
Armour
 p - a +0 cloak
 x - a +0 kite shield
Jewellery
 c - a +6 ring of strength (left hand)
Talismans
 b - a beast talisman
Scrolls
 e - a scroll of summoning {unknown}
 g - a scroll of enchant armour {unknown}
 i - 2 scrolls of teleportation
 j - a scroll of blinking {unknown}
 m - a scroll of amnesia {unknown}
 n - a scroll of fear {unknown}
 w - a scroll of torment {unknown}
 y - a scroll of enchant weapon {unknown}
Potions
 f - 2 potions of brilliance
 h - 3 potions of magic
 k - a potion of curing
 l - a potion of invisibility {unknown}
 q - a potion of ambrosia
 r - a potion of heal wounds {unknown}
 u - a potion of might {unknown}
 v - 2 potions of attraction


   Skills:
 - Level 2.1 Fighting
 + Level 4.0 Short Blades
 - Level 1.7 Dodging
 - Level 3.5 Unarmed Combat
 - Level 3.0 Shapeshifting


You had 4 spell levels left.
You didn't know any spells.
Your spell library contained the following spells:

 Spells                   Type           Power      Damage    Failure   Level
 Apportation              Tloc           0%         N/A       36%         1
 Summon Small Mammal      Summ           0%         N/A       36%         1
 Cigotuvi's Dreadful Rot  Necr/Pois/Air  0%         N/A       50%         2
 Call Canine Familiar     Summ           0%         N/A       75%         3
 Ozocubu's Armour         Ice            0%         N/A       75%         3
 Summon Guardian Golem    Hex/Summ       0%         N/A       75%         3
 Dispel Undead            Necr           0%         3d6       98%         4
 Alistair's Intoxication  Tmut/Pois      0%         N/A       100%        5
 Metabolic Englaciation   Hex/Ice        0%         N/A       100%        5
 Death Channel            Necr           0%         N/A       100%        6
 Simulacrum               Ice/Necr       0%         N/A       100%        6


Dungeon Overview and Level Annotations

Branches:
Dungeon (4/15)
 Temple: D:4-7

Altars:
Dithmenos
Makhleb

Annotations:
D:4 Pikel


Innate Abilities, Weirdness & Mutations

You are a hulking beast.
Your limbs bulge with bestial killing power. (Slay +2)
Your plain brown scales are hard. (AC +5)
You cannot fit into any form of body armour.
You are cold-blooded and may be slowed by cold attacks.


Message History

You hit Pikel.
Pikel is poisoned.
Pikel is lightly wounded.
Pikel hits you with a +2 whip of flaming!
Pikel burns you.
You hit Pikel.
Pikel looks as sick as possible!
Your tail-slap misses Pikel.
Pikel is moderately wounded.
Pikel closely misses you.
You hit Pikel but do no damage.
Pikel looks as sick as possible!
Pikel is moderately wounded.
Pikel hits you with a +2 whip of flaming!
Pikel burns you.
You hit Pikel but do no damage.
Your tail-slap misses Pikel.
Pikel is moderately wounded.
Pikel closely misses you.
A lemure comes into view.
Pikel attacks as you move away!
Pikel hits you with a +2 whip of flaming.
* * * LOW HITPOINT WARNING * * *
Pikel burns you.
* * * LOW HITPOINT WARNING * * *
Pikel attacks as you move away! Pikel misses you.
You kill the lemure!
That felt strangely unrewarding.
Pikel attacks as you move away! Pikel hits you but does no damage.
The lemure shouts!
You hit Pikel.
Pikel looks as sick as possible!
Pikel is heavily wounded.
You hit Pikel but do no damage.
Pikel looks as sick as possible!
You tail-slap Pikel.
Pikel is severely wounded.
Pikel hits you with a +2 whip of flaming.
* * * LOW HITPOINT WARNING * * *
Pikel burns you.
* * * LOW HITPOINT WARNING * * *
You hit Pikel.
Pikel looks as sick as possible!
Pikel is severely wounded.
Pikel hits you with a +2 whip of flaming.
* * * LOW HITPOINT WARNING * * *
Pikel burns you.
You die...

## #.## #..# #..##
#### #...####..##
#..........# #####
##.....###..
#hK.###...#######.
##55..............
###..............
##.5........... ###
##.#........... #.##
#..............
##.###..............
##.##.#............
#...5##...........


You could see Pikel (extremely poisoned) and 3 lemures.

Vanquished Creatures
  A lemure (D:4)
  A jelly (D:4)
  4 gnolls (D:3)
  2 adders
  A worm (D:4)
  2 dart slugs (D:1)
  2 orcs
  6 ball pythons
  5 bats
  4 endoplasms
  3 giant cockroaches
  12 goblins
  6 hobgoblins
  12 kobolds
  A quokka (D:3)
  4 frilled lizards
  7 rats
73 creatures vanquished.

Notes
Turn   | Place    | Note
-------+----------+-------------------------------------------
     0 | D:1      | Midn8 the Draconian Shapeshifter began the quest for the
                  | Orb.
     0 | D:1      | Reached XP level 1. HP: 17/17 MP: 1/1
    95 | D:1      | Reached XP level 2. HP: 24/24 MP: 2/2
   499 | D:1      | Found a faded altar of an unknown god.
   603 | D:1      | Prayed at the altar of an unknown god.
   603 | D:1      | Became a worshipper of Dithmenos the Shadowed
   603 | D:1      | Reached * piety under Dithmenos
   645 | D:1      | Reached XP level 3. HP: 29/29 MP: 3/3
   835 | D:2      | Found a burning altar of Makhleb.
   980 | D:2      | Reached skill level 1 in Short Blades
  1241 | D:2      | Reached skill level 2 in Short Blades
  1457 | D:3      | Reached XP level 4. HP: 36/36 MP: 4/4
  1501 | D:3      | Reached skill level 3 in Short Blades
  1770 | D:3      | Reached ** piety under Dithmenos
  2401 | D:4      | Reached XP level 5. HP: 15/41 MP: 5/5
  2688 | D:4      | Reached skill level 4 in Short Blades
  2998 | D:4      | Noticed an ogre
  3119 | D:4      | Noticed a lemure
  3135 | D:4      | Noticed Pikel
  3135 | D:4      | Noticed a lemure
  3138 | D:4      | Noticed a lemure
  3146 | D:4      | Noticed a lemure
  3149 | D:4      | Killed a lemure
  3153 | D:4      | HP: 1/41 [Pikel/+2 whip of flaming (4)]
  3153 | D:4      | Slain by Pikel

Illustrated notes

Levels and vault maps discovered:
D:1:      dpeg_arrival_stonehenge_8_columns, layout_loops_ring,
          ebering_ecumenical_altar_rust, fountainhead
D:2:      kennysheep_the_goblin_king, layout_rooms, basic_altar
D:3:      layout_loops_cross
D:4:      layout_layer_cave, uniq_pikel

Skill      XL: |  1  2  3  4  5 |
---------------+----------------+-----
Unarmed Combat | 3 |  3.5
Short Blades   | 2 3 4 |  4.0
Fighting       | |  2.1
Dodging        | |  1.7
Shapeshifting  | |  3.0

Action                     |  1- 3 |  4- 6 || total
---------------------------+-------+-------++-------
  Melee: Unarmed           |    52 |       ||    52
         Tailslap          |    10 |    11 ||    21
         Punch             |     2 |     1 ||     3
         Dagger            |    54 |    84 ||   138
  Throw: Dart              |       |     2 ||     2
    Use: Potion            |     1 |       ||     1
         Scroll            |     4 |     3 ||     7
   Stab: Sleeping          |     3 |     1 ||     4
 Armour: Skin              |    25 |    13 ||    38
  Dodge: Dodged            |    56 |    39 ||    95

Table legend: (Time is in decaauts)
 A = Elapsed time spent in this place.
 B = Non-inter-level travel time spent in this place.
 C = Inter-level travel time spent in this place.
 D = Time resting spent in this place.
 E = Time spent auto-exploring this place.
 F = Levels seen in this place.
 G = Mean time per level.
                   A        B        C        D        E       F      G
               +--------+--------+--------+--------+--------+-----+--------+
         Total |   3136 |   2974 |    162 |    338 |   2033 |   4 |  784.0 |
       Dungeon |   3136 |   2974 |    162 |    338 |   2033 |   4 |  784.0 |
               +--------+--------+--------+--------+--------+-----+--------+

Top non-repeatable levels by time:
     D:4: 980 daAuts
     D:1: 784 daAuts
     D:3: 765 daAuts
     D:2: 606 daAuts
